 Dungeon Crawl Stone Soup version 0.30-a0-862-g1aabd4f9c5 (webtiles) character file.

Game seed: 16400353399563078448

633 NinjaNoafa the Twirler (level 7, 0/59 HPs)
             Began as a Ghoul Gladiator on Mar 8, 2023.
             Slain by a gnoll sergeant
             ... wielding a +5 vampiric trident
              (9 damage)
             ... on level 5 of the Dungeon on Mar 9, 2023.
             The game lasted 00:15:41 (3850 turns).

NinjaNoafa the Twirler (Ghoul Gladiator)            Turns: 3850, Time: 00:15:42

Health: 0/59       AC:  9    Str: 20    XL:     7   Next: 49%
Magic:  15/15      EV: 10    Int:  3    God:
Gold:   130        SH:  0    Dex: 10    Spells: 6/6 levels left

rFire   + . .      SeeInvis .    a - +0 quarterstaff
rCold   + + .      Faith    .    (shield currently unavailable)
rNeg    + + +      Spirit   .    m - +0 scale mail
rPois   ∞          Reflect  .    c - +0 helmet
rElec   +          Rampage  .    (no cloak)
rCorr   +                        r - +0 pair of gloves
Will    +....                    (no boots) Stlth
                                 (no amulet)
HPRegen 0.00/turn                j - ring of magical power
MPRegen 0.14/turn                b - ring of willpower

@: brilliant, resistant, flying, inhibited regen
A: claws 1, cold resistance 1, negative energy resistance 3, inhibited
regeneration, torment resistance 2, devour on kill
a: no special abilities


You were on level 5 of the Dungeon.
You visited 2 branches of the dungeon, and saw 6 of its levels.

You collected 130 gold pieces.

Inventory:

Hand Weapons
 a - a +0 quarterstaff (weapon)
Missiles
 d - 3 throwing nets
 e - a javelin (quivered)
 t - 3 boomerangs
 x - 2 silver javelins
Armour
 c - a +0 helmet (worn)
 m - a +0 scale mail (worn)
 r - a +0 pair of gloves (worn)
Jewellery
 b - a ring of willpower (right hand)
 j - a ring of magical power (left hand)
Wands
 i - a wand of roots (4)
Scrolls
 f - a scroll of blinking {unknown}
 k - a scroll of teleportation {unknown}
 l - a scroll of fear {unknown}
 n - a scroll of fog {unknown}
 o - a scroll of enchant weapon {unknown}
 q - a scroll of noise {unknown}
 s - a scroll of poison {unknown}
 u - a scroll of immolation {unknown}
 y - a scroll of brand weapon {unknown}
Potions
 g - 3 potions of attraction
 p - a potion of resistance
 v - a potion of brilliance


   Skills:
 - Level 4.0 Fighting
 + Level 5.5 Staves
 - Level 2.2 Throwing
 - Level 4.0 Armour
 - Level 2.6 Dodging


You had 6 spell levels left.
You didn't know any spells.
Your spell library contained the following spells:

 Spells                   Type           Power      Damage    Failure   Level
 Apportation              Tloc           0%         N/A       86%         1
 Foxfire                  Conj/Fire      0%         2x1d4     86%         1
 Kiss of Death            Conj/Necr      0%         2d5       86%         1
 Necrotise                Necr           0%         1d4       86%         1
 Summon Small Mammal      Summ           0%         N/A       86%         1
 Confusing Touch          Hex            0%         N/A       99%         3
 Dispel Undead            Necr           0%         3d6       100%        4
 Fireball                 Conj/Fire      0%         3d3       100%        5
 Starburst                Conj/Fire      0%         6d3       100%        6


Dungeon Overview and Level Annotations

Branches:
Dungeon (5/15)             Temple (1/1) D:4

Altars:
Ashenzari
Cheibriados
Dithmenos
Fedhas
Kikubaaqudgha
Trog
Uskayaw
Vehumet
Xom
Yredelemnul

Shops:
D:4 *


Innate Abilities, Weirdness & Mutations

You are immune to poison.
You have sharp fingernails.
Your flesh is cold resistant. (rC+)
You are immune to negative energy. (rN+++)
You do not regenerate when monsters are visible.
You are immune to unholy pain and torment.
You thrive by killing the living.


Message History

You open the door.
A scorpion, an ogre, a gnoll sergeant, a kobold brigand and an orc come into view.
The gnoll sergeant is wielding a +5 vampiric trident.
The kobold brigand is wielding a +0 dagger and quivering poisoned darts.
The ogre shouts!
The gnoll sergeant shouts!
The kobold brigand shouts!
The orc shouts!
The gnoll sergeant hits you from afar with a +5 vampiric trident!
Found a shortbow.
Unknown command.
You closely miss the scorpion. The scorpion closely misses you.
The gnoll sergeant closely misses you.
Okay, then.
You closely miss the scorpion. The scorpion stings you.
The gnoll sergeant hits you from afar with a +5 vampiric trident.
You closely miss the scorpion. The scorpion stings you.
The gnoll sergeant hits you from afar with a +5 vampiric trident.
* * * LOW HITPOINT WARNING * * *
You hit the scorpion but do no damage. The scorpion closely misses you.
The gnoll sergeant hits you from afar with a +5 vampiric trident!
* * * LOW HITPOINT WARNING * * *
The scorpion stings you but does no damage.
You feel much better. The gnoll sergeant closely misses you.
The scorpion stings you but does no damage.
It was a potion of resistance.
You feel protected.
The scorpion stings you but does no damage.
The gnoll sergeant closely misses you.
It was a potion of brilliance.
You feel clever all of a sudden. The scorpion closely misses you.
The gnoll sergeant hits you from afar with a +5 vampiric trident.
* * * LOW HITPOINT WARNING * * *
It was a potion of flight.
You feel very buoyant.
You fly up into the air.
The scorpion stings you.
* * * LOW HITPOINT WARNING * * *
The gnoll sergeant hits you from afar with a +5 vampiric trident!
* * * LOW HITPOINT WARNING * * *
You barely miss the scorpion. The scorpion barely misses you.
The gnoll sergeant hits you from afar with a +5 vampiric trident!
You die...

...............
..####.....####
##...## ##.##
#.# .. +#.#+
#...###...###..
........8.......
....###@..###...
#. #os#.#+ .
#KgO#.# #...##.#
####..## #).#
... .......# ###
... ....$... ...
........ ...
....<...


You could see a kobold brigand, an ogre, a gnoll sergeant, a scorpion and an
orc.

Vanquished Creatures
  Sigmund (D:4)
  A water moccasin (D:4)
  Blork the orc (D:4)
  A scorpion (D:4)
  An iguana (D:4)
  4 gnolls (D:4)
  7 adders
  An ufetubus (D:4)
  A worm (D:4)
  8 orcs
  7 ball pythons
  3 bats (D:1)
  4 endoplasms
  4 giant cockroaches
  7 goblins
  9 hobgoblins
  8 jackals (D:1)
  2 quokkas
  3 frilled lizards
  10 kobolds
  5 rats
  A bush (D:3)
89 creatures vanquished.

Notes
Turn   | Place    | Note
-------+----------+-------------------------------------------
     0 | D:1      | NinjaNoafa the Ghoul Gladiator began the quest for the Orb.
     0 | D:1      | Reached XP level 1. HP: 17/17 MP: 0/0
    62 | D:1      | Reached skill level 3 in Staves
   218 | D:1      | Reached XP level 2. HP: 24/24 MP: 1/1
   544 | D:1      | Reached XP level 3. HP: 28/29 MP: 2/2
   845 | D:1      | Reached skill level 4 in Staves
  1064 | D:2      | Reached XP level 4. HP: 36/36 MP: 3/3
  2410 | D:4      | Noticed Sigmund
  2535 | D:4      | Reached skill level 1 in Armour
  2537 | D:4      | Reached XP level 5. HP: 35/42 MP: 4/4
  2617 | D:4      | Noticed a water moccasin
  2639 | D:4      | Killed a water moccasin
  2640 | D:4      | Reached XP level 6. HP: 25/52 MP: 5/5
  2758 | D:4      | Killed Sigmund
  2759 | D:4      | Reached XP level 7. HP: 21/59 MP: 6/6
  2827 | D:4      | Found a staircase to the Ecumenical Temple.
  2836 | Temple   | Entered the Ecumenical Temple
  3168 | D:4      | Reached skill level 5 in Staves
  3421 | D:4      | Found Owauto's Gadget Gallery.
  3439 | D:4      | Noticed Blork the orc
  3451 | D:4      | Killed Blork the orc
  3601 | D:4      | Found a basalt altar of Yredelemnul.
  3608 | D:4      | Found a shimmering altar of Xom.
  3652 | D:5      | Entered Level 5 of the Dungeon
  3850 | D:5      | Slain by a gnoll sergeant

Illustrated notes

Levels and vault maps discovered:
D:1:      sevenhm_arrival_forest_fort_small_3, layout_basic
D:2:      layout_basic
D:3:      layout_basic, corexii_hall_statues_l, minmay_hedge_maze
D:4:      layout_basic, grunt_temple_overflow_open, temple_hall,
          nicolae_shop_gadgets, uniq_sigmund, uniq_blork_the_orc
D:5:      cheibrodos_barr_body, layout_rooms, mainiacjoe_overflow_alcove_3,
          lemuel_flame_loot_1
Temple:   dpeg_chambers_temple

Skill      XL: |  1  2  3  4  5  6  7 |
---------------+----------------------+-----
Staves         | 3 4 5 |  5.5
Armour         | 1 2 4 |  4.0
Fighting       | 3 4 |  4.0
Throwing       | 2 |  2.2
Dodging        | |  2.6

Action                     |  1- 3 |  4- 6 |  7- 9 || total
---------------------------+-------+-------+-------++-------
  Melee: Quarterstaff      |   112 |   169 |    80 ||   361
  Evoke: Wand              |       |       |     1 ||     1
    Use: Scroll            |       |     3 |     1 ||     4
         Potion            |       |     1 |     4 ||     5
 Armour: Leather armour    |    40 |    12 |       ||    52
         Scale mail        |       |    42 |    56 ||    98
  Dodge: Dodged            |    81 |    86 |    85 ||   252

Table legend: (Time is in decaauts)
 A = Elapsed time spent in this place.
 B = Non-inter-level travel time spent in this place.
 C = Inter-level travel time spent in this place.
 D = Time resting spent in this place.
 E = Time spent auto-exploring this place.
 F = Levels seen in this place.
 G = Mean time per level.
                   A        B        C        D        E       F      G
               +--------+--------+--------+--------+--------+-----+--------+
         Total |   3863 |   3468 |    395 |      0 |   1957 |   6 |  643.8 |
       Dungeon |   3564 |   3178 |    386 |      0 |   1867 |   5 |  712.8 |
        Temple |    298 |    289 |      9 |      0 |     90 |   1 |  298.0 |
               +--------+--------+--------+--------+--------+-----+--------+

Top non-repeatable levels by time:
     D:4: 1082 daAuts
     D:3: 967 daAuts
     D:1: 959 daAuts
     D:2: 522 daAuts
  Temple: 298 daAuts
     D:5: 33 daAuts
